 Dungeon Crawl Stone Soup version 0.26.0-20-g3ca415f5b8 (webtiles) character file.

Game seed: 8658683976122356505

2317 littlecub the Geomancer (level 9, -7/54 HPs)
             Began as a Gargoyle Earth Elementalist on Jan 22, 2021.
             Was a Believer of Vehumet.
             Killed by the air
             ... invoked by Gastronok
              (17 damage)
             ... on level 10 of the Dungeon on Jan 25, 2021.
             The game lasted 00:19:58 (6787 turns).

littlecub the Geomancer (GrEE)                      Turns: 6787, Time: 00:19:59

Health: -7/54      AC: 12    Str: 16    XL:     9   Next: 41%
Magic:  12/27      EV: 12    Int: 15    God:    Vehumet [**....]
Gold:   507        SH:  0    Dex: 10    Spells: 9/20 levels left

rFire    . . .     SeeInvis .   z - +2 halberd (vamp)
rCold    . . .     Faith    .   (shield currently unavailable)
rNeg     + . .     Spirit   .   i - +0 leather armour
rPois    ∞         Reflect  .   (no helmet)
rElec    +         Harm     .   x - +0 cloak
rCorr    .         Rampage  .   s - +0 pair of gloves (curse)
Will     .....                  a - +0 pair of boots
Stlth    ++........             (no amulet)
HPRegen  0.18/turn              g - ring of magical power
MPRegen  0.20/turn              (no ring)

@: about to teleport
A: negative energy resistance 1, electricity resistance, unbreathing,
petrification resistance, miasma immunity, AC +6
a: Renounce Religion


You were on level 10 of the Dungeon.
You worshipped Vehumet.
Vehumet was pleased with you.
You visited 2 branches of the dungeon, and saw 9 of its levels.

You collected 507 gold pieces.

Inventory:

Hand Weapons
 z - a +2 vampiric halberd (weapon)
Missiles
 b - 77 stones
 e - 4 large rocks
 f - 4 atropa-tipped darts
Armour
 a - a +0 pair of boots (worn)
 i - a +0 leather armour (worn)
 o - a scarf of resistance
 s - a cursed +0 pair of gloves (worn)
 x - a +0 cloak (worn)
Jewellery
 g - a ring of magical power (left hand)
Wands
 y - a wand of paralysis (17)
 B - a wand of digging (6)
Scrolls
 c - a scroll of enchant armour
 h - 2 scrolls of fog {unknown}
 k - a scroll of enchant weapon
 m - 2 scrolls of amnesia {unknown}
 q - 4 scrolls of blinking
 r - 2 scrolls of remove curse
 t - 3 scrolls of immolation
 A - a scroll of vulnerability {unknown}
Potions
 j - 4 potions of curing
 l - 3 potions of degeneration {unknown}
 n - a potion of lignification {unknown}
 p - a potion of haste {unknown}
 u - a potion of invisibility {unknown}
 v - a potion of heal wounds {unknown}
 w - a potion of brilliance {unknown}


   Skills:
 + Level 5.0 Fighting
 + Level 1.1 Armour
 + Level 1.9 Dodging
 - Level 2.1 Stealth
 * Level 6.4 Spellcasting
 - Level 6.0 Conjurations
 - Level 0.7 Transmutations
 * Level 9.0 Earth Magic


You had 9 spell levels left.
You knew the following spells:

 Your Spells              Type           Power        Failure   Level
a - Sandblast             Erth           62%          1%          1
b - Stone Arrow           Conj/Erth      54%          2%          3
c - Lee's Rapid Deconstr  Erth           15%          12%         5
q - Passwall              Tmut/Erth      15%          3%          2

Your spell library contained the following spells:

 Spells                   Type           Power        Failure   Level
 Shock                    Conj/Air       52%          4%          1
 Petrify                  Tmut/Erth      19%          22%         4


Dungeon Overview and Level Annotations

Branches:
Dungeon (10/15)            Temple (1/1) D:4             Orc (0/2) D:9
   Lair: D:8-11

Altars:
Ashenzari
Cheibriados
Elyvilon
Gozag
Hepliaklqana
Kikubaaqudgha
Makhleb
Nemelex Xobeh
Okawaru
Qazlal
Trog
Vehumet
Xom
Zin
The Shining One

Annotations:
D:10 Gastronok


Innate Abilities, Weirdness & Mutations

You are resistant to torment.
Your stone body is resilient. (AC +6)
You are immune to poison.
You resist negative energy. (rN+)
You are resistant to electric shocks. (rElec)
You can survive without breathing.
You are immune to petrification.
You are immune to miasma.


Message History

The killer bee barely misses you.
The killer bee stings you but does no damage.
You miss the killer bee. The killer bee barely misses you.
The killer bee stings you but does no damage.
As you read the scroll of teleportation, it crumbles to dust.
You feel strangely unstable.
The killer bee stings you but does no damage.
You miss the killer bee. The killer bee misses you.
The killer bee closely misses you.
The killer bee stings you but does no damage.
Gastronok waves his eye-stalks in wide circles.
The air twists around and strikes you!
* * * LOW HITPOINT WARNING * * *
It was a potion of curing.
You feel better. The killer bee stings you!
* * * LOW HITPOINT WARNING * * *
The killer bee barely misses you.
The killer bee stings you but does no damage.
Gastronok waves his eye-stalks in wide circles.
The air twists around and strikes you!
You die...

.##..##.# #.###.#.#
#... #.# #.###.#.#
.#...##.# #.##..#.#
.....r[.###.##.##.#
...##...>.#.##.##.#
.####.....#..w....#
. #......w###.####
##.....## #...#
#.....# ###@# .#
###.#### #y#
.####......# #y#
.#....#.##.# #y#
.#.#..<.##.# #.#
.#...†#..... ..#
.##.....##.# ###
.##.....# #
...<#......#


You could see Gastronok and 3 killer bees.

Vanquished Creatures
  A shadow (D:9)
  An orc warrior (D:9)
  A sky beast (D:8)
  A phantom (D:9)
  3 ogres
  2 centaurs
  4 bullfrogs
  3 scorpions (D:9)
  3 howler monkeys
  7 wights
  A crimson imp (D:4)
  A quasit (D:9)
  3 jellies (D:9)
  2 orc priests (D:9)
  2 hounds (D:9)
  2 bullfrog skeletons
  An orc wizard (D:10)
  2 centaur skeletons
  An iguana (D:8)
  4 worker ants
  A killer bee zombie (D:9)
  A worker ant zombie (D:5)
  5 adders
  2 white imps (D:8)
  3 dart slugs
  2 leopard geckos
  4 orcs
  7 bats
  3 giant cockroaches
  6 hobgoblins
  6 kobolds
  A quokka (D:2)
  8 frilled lizards
  6 goblins
  A goblin zombie (D:4)
  3 hobgoblin zombies (D:4)
  A jackal skeleton (D:9)
  A kobold skeleton (D:4)
  A kobold zombie (D:4)
  2 orc skeletons (D:4)
  An orc zombie (D:4)
  A quokka skeleton (D:8)
  3 rats
114 creatures vanquished.

Vanquished Creatures (others)
  A giant cockroach (D:2)
1 creature vanquished.

Grand Total: 115 creatures vanquished

Notes
Turn   | Place    | Note
-------+----------+-------------------------------------------
     0 | D:1      | littlecub the Gargoyle Earth Elementalist began the quest
                  | for the Orb.
     0 | D:1      | Reached XP level 1. HP: 10/10 MP: 3/3
   378 | D:1      | Reached XP level 2. HP: 14/16 MP: 5/5
   761 | D:1      | Reached skill level 4 in Earth Magic
  1211 | D:2      | Found a glowing silver altar of Zin.
  1224 | D:2      | Reached skill level 1 in Fighting
  1318 | D:2      | Reached XP level 3. HP: 12/20 MP: 6/6
  1322 | D:2      | Learned a level 3 spell: Stone Arrow
  1469 | D:2      | Found a faded altar of an unknown god.
  1528 | D:2      | Found a burning altar of Makhleb.
  1528 | D:2      | Found a shimmering altar of Xom.
  1852 | D:2      | Found an iron altar of Okawaru.
  2001 | D:2      | Reached skill level 1 in Conjurations
  2195 | D:3      | Reached XP level 4. HP: 25/25 MP: 8/8
  2427 | D:3      | Reached XP level 5. HP: 27/30 MP: 9/9
  2774 | D:4      | Found a staircase to the Ecumenical Temple.
  2795 | Temple   | Entered the Ecumenical Temple
  2812 | Temple   | Became a worshipper of Vehumet
  3019 | D:4      | Reached skill level 5 in Earth Magic
  3022 | D:4      | Found a glowing golden altar of the Shining One.
  3259 | D:4      | Noticed an ogre
  3306 | D:5      | Entered Level 5 of the Dungeon
  3347 | D:5      | Noticed an ogre
  3358 | D:5      | Killed an ogre
  3359 | D:5      | Reached XP level 6. HP: 31/35 MP: 8/11
  3495 | D:5      | You fall into a shaft and drop 3 floors!
  3500 | D:8      | Noticed a sky beast
  3515 | D:8      | Killed a sky beast
  3516 | D:8      | Reached skill level 6 in Earth Magic
  3516 | D:8      | Reached XP level 7. HP: 5/40 MP: 13/13
  3820 | D:8      | Learned a level 5 spell: Lee's Rapid Deconstruction
  3871 | D:8      | Reached * piety under Vehumet
  3871 | D:8      | Offered knowledge of Freeze by Vehumet.
  3971 | D:8      | Found a stormy altar of Qazlal.
  4324 | D:8      | Upgraded the game from 0.26.0-18-gc5c842f807 to
                  | 0.26.0-20-g3ca415f5b8
  4469 | D:9      | Reached XP level 8. HP: 42/46 MP: 12/15
  4542 | D:9      | Learned a level 2 spell: Passwall
  4701 | D:9      | Reached skill level 7 in Earth Magic
  4703 | D:9      | Reached skill level 5 in Spellcasting
  4703 | D:9      | Reached skill level 5 in Conjurations
  5065 | D:9      | Offered knowledge of Shock by Vehumet.
  5122 | D:9      | Found a staircase to the Orcish Mines.
  5419 | D:9      | Reached ** piety under Vehumet
  5570 | D:9      | Reached skill level 8 in Earth Magic
  5615 | D:9      | Reached XP level 9. HP: 21/52 MP: 11/17
  6284 | D:10     | Entered Level 10 of the Dungeon
  6488 | D:10     | Reached skill level 5 in Fighting
  6639 | D:10     | Reached skill level 1 in Armour
  6644 | D:10     | Reached skill level 9 in Earth Magic
  6730 | D:10     | Noticed Gastronok
  6787 | D:10     | Killed from afar by Gastronok

Illustrated notes

Levels and vault maps discovered:
D:1:      lemuel_arrival_funnel, layout_basic, hangedman_decor_riveting
D:2:      layout_basic, gammafunk_temple_overflow_pools, old_standard_altar,
          chequers_ecumenical_altar_island, minmay_splitting_lines,
          okawaru_gym_becter
D:3:      layout_loops_ring
D:4:      layout_loops_corners, lemuel_blue_sif_altar,
          nicolae_tso_besieged_by_evil, minmay_temple_entry_gardened_gates,
          glass_columns_a
D:5:      layout_basic, eat_drink_and_be_merry_uskayaw, serial_shops,
          shop_fountains, kennysheep_generic_room_15, uniq_ijyb
D:8:      layout_basic, kennysheep_mini_moat
D:9:      layout_rooms, david_orc_3
D:10:     layout_loops_cross, nooodl_orcs_dogs, uniq_josephine, uniq_gastronok
Temple:   zaba_magenta_temple

Skill      XL: |  1  2  3  4  5  6  7  8  9 |
---------------+----------------------------+-----
Earth Magic    | 4 5 6 8 9 |  9.0
Fighting       | 1 2 3 4 5 |  5.0
Conjurations   | 1 3 4 6 |  6.0
Spellcasting   | 3 4 5 6 |  6.4
Armour         | 1 |  1.1
Dodging        | |  1.9
Stealth        | |  2.1
Transmutations | |  0.7

Action                   |  1- 3 |  4- 6 |  7- 9 || total
-------------------------+-------+-------+-------++-------
Melee: Mace              |     9 |       |       ||     9
       Unarmed           |     7 |       |       ||     7
       Hand axe          |    61 |    73 |     1 ||   135
       Halberd           |       |       |    42 ||    42
Throw: Dart              |       |     5 |     6 ||    11
 Cast: Sandblast         |    18 |    15 |    55 ||    88
       Stone Arrow       |       |     1 |    89 ||    90
       Lee's Rapid Decon |       |       |     2 ||     2
  Use: Scroll            |       |     5 |     5 ||    10
       Potion            |       |       |     1 ||     1
 Stab: Sleeping          |     3 |     1 |       ||     4
       Distracted        |       |       |     1 ||     1
Armor: Robe              |     8 |       |       ||     8
       Leather armour    |    39 |    49 |    86 ||   174
Dodge: Dodged            |    68 |    53 |   106 ||   227
